Description

personal use

Replay - RazerBlader v Ryosis - Lost and Found LE

Build Order

Get SALT Encoding   

  12  0:01  SCV  
  13  0:13  SCV  
  14  0:17  Supply Depot  
  14  0:25  SCV  
  15  0:38  SCV  
  15  0:39  Barracks  
  16  0:43  Refinery  
  16  0:50  SCV  
  17  1:02  SCV  
  18  1:15  SCV  
  19  1:27  Reaper, Orbital Command  
  20  1:39  Command Center  
  20  1:48  Supply Depot  
  20  1:52  SCV  
  21  1:59  Marine  
  22  2:04  SCV  
  22  2:07  Factory  
  23  2:12  Refinery  
  23  2:16  SCV  
  23  2:20  Barracks Reactor  
  26  2:52  Starport  
  26  2:53  Orbital Command  
  27  3:00  Hellion x2  
  32  3:08  Barracks Tech Lab  
  32  3:11  Supply Depot  
  33  3:22  Hellion x2  
  40  3:36  Viking  
  40  3:41  Barracks Tech Lab  
  42  3:42  Supply Depot  
  42  3:44  Hellion  
  46  3:49  Hellion  
  46  3:55  Liberator  
  49  4:00  Marine  
  49  4:01  Stimpack  
  51  4:07  Hellion x2  
  60  4:22  Supply Depot  
  62  4:41  Command Center  
  64  4:55  Barracks x2  
  65  5:01  Factory Reactor  
  66  5:13  Engineering Bay x2  
  67  5:16  Refinery x2  
  69  5:27  Starport Reactor  
  71  5:36  Marine  
  71  5:40  Terran Infantry Weapons Level 1, Terran Infantry Armor Level 1  
  73  5:45  Barracks x2  
  74  5:51  Marine x4  
  74  5:53  Siege Tank  
  74  5:54  Orbital Command  
  83  6:02  Marine  
  84  6:06  Medivac x2  
  84  6:09  Marine x2  
  94  6:15  Orbital Command  
  95  6:25  Combat Shields  
  97  6:27  Armory  
  97  6:31  Siege Tank  
  106  6:46  Barracks Reactor x2  
  108  6:51  Refinery  
  116  7:11  Refinery  
  116  7:12  Siege Tank  
  120  7:19  Medivac x2  
  138  7:44  Siege Tank  
  138  7:49  Medivac x2  
  107  8:16  Siege Tank  
  107  8:19  Terran Infantry Weapons Level 2  
  119  8:20  Terran Infantry Armor Level 2  
  119  8:22  Medivac x2  
  136  8:44  Terran Vehicle Weapons Level 1  
  142  8:48  Siege Tank  
  142  8:52  Missile Turret x2  
  146  9:06  Factory  
  146  9:10  Missile Turret  
  146  9:18  Command Center  
  146  9:21  Thor  
  157  9:31  Medivac x2  
  168  9:54  Factory Tech Lab  
Spawning Tool Build Advisor. Get it on Overwolf

Go to:

Details

  • Created by: SpaceMarine
  • Published on: Oct 21, 2018
  • Modified on: Oct 21, 2018
  • Patch: 4.0.0
Show
View Real Time Build Order
Export as new Build Order

Comments (0)

There are no comments. Be the first!

Create an account to comment!